Canucks vs Penguins

Created - February 13, 2020 at 19:44

Goals
1 2 3 T
Canucks 1 3 1 5
Penguins 1 1 0 2
Shots
1 2 3 T
Canucks 8 16 17 41
Penguins 7 9 18 34

1st period

1. Penguins , Dustin Brown 12 (Ryan O'Reilly 18, Roman Josi 8) at 4:15 (PP)
2. Canucks , Colton Gillies 1 (Joni Pitkanen 10, Brad Boyes 7) at 19:30

Penalties :
Brandon Saad (Van) for Hooking (Minor) at 3:39, Michael Raffl (Pit) for Tripping (Minor) at 7:53, Cal Clutterbuck (Pit) for Slashing (Minor) at 17:13

2nd period

3. Canucks , Brandon Sutter 13 (Jesper Fast 6, Joni Pitkanen 11) at 2:07
4. Canucks , Jesper Fast 5 (Brandon Sutter 16) at 3:04
5. Penguins , Steven Stamkos 24 (Claude Giroux 35) at 13:37 (PP)
6. Canucks , Brandon Sutter 14 (Jeremy Morin 17, Jamie McBain 39) at 15:18 (PP)

Penalties :
Jason Zucker (Van) for Roughing (Minor) at 6:49, Joni Pitkanen (Van) for Interference (Minor) at 13:34, Dustin Brown (Pit) for Holding (Minor) at 14:28, Jordie Benn (Van) for Interference (Minor) at 17:13, Michael Raffl (Pit) for High sticking (Minor) at 19:35

3rd period

7. Canucks , Jeremy Morin 6 (Brandon Sutter 17, Drew Fata 15) at 12:12

Penalties :
Dennis Wideman (Pit) for Holding (Minor) at 9:29, Cal Clutterbuck (Pit) for Hooking (Minor) at 15:44

Goalie Stats

Martin Jones (Van), 32 saves from 34 shots - (0.941), W, 1-1-1, 60:00 minutes
Michal Neuvirth (Pit), 36 saves from 41 shots - (0.878), L, 21-12-4, 60:00 minutes

Players Stats for Canucks

Player Name              G  A  P  +/- PIM S  H  SB GA TA FO     MP     PP MP  PK MP  
------------------------------------------------------------------------------------
Alex Goligoski           0  0  0   0  0   5  4  0  0  1  0/0    20:26   9:04   1:38 
Brad Boyes               0  1  1   1  0   1  0  0  0  1  0/0     6:16   0:00   0:00 
Brandon Saad             0  0  0   1  2   0  1  0  0  1  1/1    18:24   3:31   0:00 
Brandon Sutter           2  2  4   3  0   4  0  0  0  0  8/11   18:58   3:31   0:26 
Colton Gillies           1  0  1   1  0   6  1  0  0  0  13/28  19:21   0:00   0:00 
Darren Helm              0  0  0   1  0   0  0  0  0  0  1/1     8:06   0:00   1:30 
Drew Fata                0  1  1   1  0   0  1  1  0  1  0/0    20:51   1:07   2:59 
Jamie McBain             0  1  1   0  0   3  1  1  0  1  0/0    19:56   8:40   2:59 
Jason Zucker             0  0  0   0  2   3  1  1  0  1  1/2    22:35   7:14   0:00 
Jeremy Morin             1  1  2   1  0   3  1  0  0  0  2/3    18:25   3:31   0:00 
Jesper Fast              1  1  2   2  0   2  1  0  0  0  1/1    10:38   0:00   1:19 
Jonathan Blum            0  0  0   2  0   0  1  0  0  1  0/0    16:51   2:39   0:00 
Joni Pitkanen            0  2  2   3  2   2  1  1  0  0  0/0    20:14   0:00   1:38 
Jordie Benn              0  0  0   2  2   2  0  0  0  1  0/0    21:55   0:00   0:00 
Loui Eriksson            0  0  0   2  0   0  0  0  0  0  0/1    10:43   0:00   2:52 
Marc Savard              0  0  0   0  0   0  1  1  0  0  3/8     6:43   0:00   0:00 
Nick Palmieri            0  0  0   0  0   7  1  0  0  1  1/2    22:46   7:14   0:15 
Robert Nilsson           0  0  0   0  0   3  0  0  0  0  13/18  12:11   7:14   2:52 

Players Stats for Penguins

Player Name              G  A  P  +/- PIM S  H  SB GA TA FO     MP     PP MP  PK MP  
------------------------------------------------------------------------------------
Ales Hemsky              0  0  0  -1  0   1  0  0  1  0  0/1     6:01   0:00   0:00 
Alexei Marchenko         0  0  0  -1  0   1  2  0  1  0  0/0    10:16   0:00   0:16 
Andrew Cogliano          0  0  0  -2  0   1  1  0  0  0  0/1    19:09   2:41   1:34 
Cal Clutterbuck          0  0  0  -1  4   2  3  0  0  0  0/0    12:41   0:00   1:45 
Clarke MacArthur         0  0  0   0  0   0  0  0  0  0  0/0     9:24   0:00   0:00 
Claude Giroux            0  1  1  -3  0   2  4  2  1  0  1/1    26:03   2:41   7:26 
Danny DeKeiser           0  0  0  -2  0   1  0  2  0  0  0/0    29:11   2:45   6:43 
Dennis Wideman           0  0  0  -1  2   2  2  1  1  0  0/0    20:04   1:52   3:15 
Dustin Brown             1  0  1   0  2   6  2  0  0  0  0/0    14:40   1:56   0:00 
Eric Gryba               0  0  0  -1  0   2  1  0  0  0  0/0    13:51   0:00   4:02 
Joe Colborne             0  0  0  -1  0   0  0  1  0  0  0/4     6:01   0:00   0:00 
Logan Couture            0  0  0   0  0   1  0  0  1  0  2/8    12:45   0:00   2:52 
Marcus Foligno           0  0  0   0  0   2  4  1  0  0  0/2    14:41   1:56   0:00 
Michael Raffl            0  0  0  -1  4   1  1  0  0  0  0/0     6:28   0:00   0:00 
Roman Josi               0  1  1  -1  0   1  0  1  0  0  0/0    16:58   1:52   0:00 
Ryan O'Reilly            0  1  1   0  0   4  1  0  0  0  12/19  15:01   1:56   0:20 
Sean Zimmerman           0  0  0  -2  0   2  2  1  1  0  0/0    29:42   2:45   7:14 
Steven Stamkos           1  0  1  -3  0   5  2  0  3  0  17/40  26:13   2:41   7:33 

3 Stars

1 - Brandon Sutter (Van)
2 - Jesper Fast (Van)
3 - Jeremy Morin (Van)

Power Play

Canucks - 1 on 6 Attempt(s) - 16.67%
Penguins - 2 on 4 Attempt(s) - 50.00%

Penalty Kill

Canucks - 2 on 4 Attempt(s) - 50.00% - Score 0 goal in Penalty Kill
Penguins - 5 on 6 Attempt(s) - 83.33% - Score 0 goal in Penalty Kill

Team Stat

Canucks - Hits : 15 - Faceoff Wins : 44 - Blocked Shots : 5 - Penalty Minutes : 8
Penguins - Hits : 25 - Faceoff Wins : 32 - Blocked Shots : 9 - Penalty Minutes : 12

Official

Referees : Unknown
Linesman : Unknown

Game Notes

Marc Savard is injured at 6:15 of 2nd period (Right Foot)

Finance

Level 1 -- Attendance: 4478 (74.63%) -- Ticket Income $537,360
Level 2 -- Attendance: 3936 (78.72%) -- Ticket Income $275,520
Level 3 -- Attendance: 1621 (81.05%) -- Ticket Income $72,945
Level 4 -- Attendance: 2613 (65.33%) -- Ticket Income $91,455
Luxury Box -- Attendance: 758 (75.80%) -- Ticket Income $151,600
Game was played at the Igloo.
Total Attendance: 13406 (74.48%)
Total Ticket Income: $1,128,880
Other Income: $169,332
Total Income: $1,298,212

Canucks

5 vs 5 Forward 
   Center                   Left Wing                Right Wing               Time % Phy DF OF 
 1 Colton Gillies           Jason Zucker             Nick Palmieri            50     0   1  4  
 2 Marc Savard              Brandon Saad             Jeremy Morin             35     0   2  3  
 3 Brandon Sutter           Loui Eriksson            Jesper Fast              10     0   2  3  
 4 Colton Gillies           Darren Helm              Brad Boyes               5      0   3  2  

5 vs 5 Defense 
   Defense                  Defense                                           Time % Phy DF OF 
 1 Jordie Benn              Drew Fata                                         40     0   2  3  
 2 Joni Pitkanen            Jonathan Blum                                     30     0   3  2  
 3 Joni Pitkanen            Jordie Benn                                       20     0   2  3  
 4 Jamie McBain             Alex Goligoski                                    10     0   2  3  

PowerPlay Forward 
   Center                   Left Wing                Right Wing               Time % Phy DF OF 
 1 Robert Nilsson           Jason Zucker             Nick Palmieri            70     0   0  5  
 2 Brandon Sutter           Brandon Saad             Jeremy Morin             30     0   0  5  

PowerPlay Defense
   Defense                  Defense                                           Time % Phy DF OF 
 1 Jamie McBain             Alex Goligoski                                    70     0   0  5  
 2 Jamie McBain             Jonathan Blum                                     30     0   0  5  

Penalty Kill 4 Players Forward 
   Center                   Wing                     Time % Phy DF OF 
 1 Robert Nilsson           Loui Eriksson            65     2   3  0  
 2 Marc Savard              Nick Palmieri            35     2   3  0  

Penalty Kill 4 Players Defense
   Defense                  Defense                  Time % Phy DF OF 
 1 Jamie McBain             Drew Fata                65     2   3  0  
 2 Joni Pitkanen            Alex Goligoski           35     2   3  0  

Penalty Kill - 3 Players Forward 
   Forward                                           Time % Phy DF OF 
 1 Robert Nilsson                                    60     3   2  0  
 2 Marc Savard                                       40     3   2  0  

Penalty Kill - 3 Players Defense
   Defense                  Defense                  Time % Phy DF OF 
 1 Jamie McBain             Drew Fata                60     3   2  0  
 2 Joni Pitkanen            Alex Goligoski           40     3   2  0  

4 vs 4 Forward 
   Center                   Wing                     Time % Phy DF OF 
 1 Robert Nilsson           Jason Zucker             70     0   2  3  
 2 Marc Savard              Nick Palmieri            30     0   2  3  

4 vs 4 Defense
   Defense                  Defense                  Time % Phy DF OF 
 1 Jamie McBain             Drew Fata                70     0   2  3  
 2 Joni Pitkanen            Alex Goligoski           30     0   2  3  

Last Minutes Offensive
   Center                   Left Wing                Right Wing               Defense                  Defense                  
   Robert Nilsson           Jason Zucker             Nick Palmieri            Jamie McBain             Alex Goligoski           

Last Minutes Defensive
   Center                   Left Wing                Right Wing               Defense                  Defense                  
   Robert Nilsson           Loui Eriksson            Nick Palmieri            Jamie McBain             Alex Goligoski           

Goaltenders
Starting : Martin Jones             
Backup : Jacob Markstrom          

Extra Forwards
Normal : Brandon Sutter, Jeremy Morin, Jesper Fast - PP : Brandon Sutter, Jeremy Morin - PK : Jesper Fast
Extra Defensemen
Normal : Jonathan Blum, Jordie Benn, Joni Pitkanen - PP : Jonathan Blum - PK : Jordie Benn, Joni Pitkanen
Penalty Shots
Robert Nilsson, Loui Eriksson, Brad Boyes, Nick Palmieri, Jason Zucker

Scratches
Kurtis Foster (Bruised Left Shoulder Injury), Scottie Upshall (Healthy)

Penguins

5 vs 5 Forward 
   Center                   Left Wing                Right Wing               Time % Phy DF OF 
 1 Steven Stamkos           Andrew Cogliano          Claude Giroux            40     0   1  4  
 2 Ryan O'Reilly            Marcus Foligno           Dustin Brown             30     0   1  4  
 3 Logan Couture            Clarke MacArthur         Cal Clutterbuck          20     0   1  4  
 4 Joe Colborne             Michael Raffl            Ales Hemsky              10     0   1  4  

5 vs 5 Defense 
   Defense                  Defense                                           Time % Phy DF OF 
 1 Sean Zimmerman           Danny DeKeiser                                    44     1   2  2  
 2 Dennis Wideman           Roman Josi                                        33     1   2  2  
 3 Eric Gryba               Alexei Marchenko                                  23     1   2  2  
 4 Sean Zimmerman           Danny DeKeiser                                    0      1   2  2  

PowerPlay Forward 
   Center                   Left Wing                Right Wing               Time % Phy DF OF 
 1 Steven Stamkos           Andrew Cogliano          Claude Giroux            60     0   1  4  
 2 Ryan O'Reilly            Marcus Foligno           Dustin Brown             40     0   1  4  

PowerPlay Defense
   Defense                  Defense                                           Time % Phy DF OF 
 1 Sean Zimmerman           Danny DeKeiser                                    60     1   1  3  
 2 Dennis Wideman           Roman Josi                                        40     1   1  3  

Penalty Kill 4 Players Forward 
   Center                   Wing                     Time % Phy DF OF 
 1 Steven Stamkos           Claude Giroux            60     1   4  0  
 2 Logan Couture            Cal Clutterbuck          40     1   4  0  

Penalty Kill 4 Players Defense
   Defense                  Defense                  Time % Phy DF OF 
 1 Sean Zimmerman           Danny DeKeiser           60     1   4  0  
 2 Dennis Wideman           Eric Gryba               40     1   4  0  

Penalty Kill - 3 Players Forward 
   Forward                                           Time % Phy DF OF 
 1 Claude Giroux                                     60     1   4  0  
 2 Logan Couture                                     40     1   4  0  

Penalty Kill - 3 Players Defense
   Defense                  Defense                  Time % Phy DF OF 
 1 Sean Zimmerman           Danny DeKeiser           60     1   4  0  
 2 Dennis Wideman           Eric Gryba               40     1   4  0  

4 vs 4 Forward 
   Center                   Wing                     Time % Phy DF OF 
 1 Steven Stamkos           Claude Giroux            60     1   1  3  
 2 Ryan O'Reilly            Dustin Brown             40     1   1  3  

4 vs 4 Defense
   Defense                  Defense                  Time % Phy DF OF 
 1 Sean Zimmerman           Danny DeKeiser           60     1   2  2  
 2 Dennis Wideman           Roman Josi               40     1   2  2  

Last Minutes Offensive
   Center                   Left Wing                Right Wing               Defense                  Defense                  
   Steven Stamkos           Andrew Cogliano          Claude Giroux            Sean Zimmerman           Danny DeKeiser           

Last Minutes Defensive
   Center                   Left Wing                Right Wing               Defense                  Defense                  
   Steven Stamkos           Andrew Cogliano          Claude Giroux            Sean Zimmerman           Danny DeKeiser           

Goaltenders
Starting : Michal Neuvirth          
Backup : Sergei Bobrovsky         

Extra Forwards
Normal : Steven Stamkos, Ryan O'Reilly, Logan Couture - PP : Steven Stamkos, Ryan O'Reilly - PK : Claude Giroux
Extra Defensemen
Normal : Sean Zimmerman, Danny DeKeiser, Eric Gryba - PP : Danny DeKeiser - PK : Sean Zimmerman, Danny DeKeiser
Penalty Shots
Andrew Cogliano, Claude Giroux, Steven Stamkos, Ryan O'Reilly, Marcus Foligno

Scratches
Keith Aulie (Left Leg Injury)

% Time on Ice - Canucks

Lines # - Real PCT - Wanted PCT - Time Play
Normal Forward
1 - 35% - 50% - 15:37
2 - 33% - 35% - 14:54
3 - 18% - 10% - 7:51
4 - 14% - 5% - 6:16
Normal Defense
1 - 40% - 40% - 18:01
2 - 31% - 30% - 13:47
3 - 12% - 20% - 5:28
4 - 17% - 10% - 7:22
PP Forward
1 - 67% - 70% - 7:14
2 - 33% - 30% - 3:31
PP Defense
1 - 87% - 70% - 9:24
2 - 13% - 30% - 1:21
PK Forward
1 - 95% - 65% - 4:22
2 - 5% - 35% - 0:15
PK Defense
1 - 65% - 65% - 2:59
2 - 35% - 35% - 1:38
PK3 Forward
1 - 0% - 60%
2 - 0% - 40%
PK3 Defense
1 - 0% - 60%
2 - 0% - 40%
44 Forward
1 - 0% - 70%
2 - 0% - 30%
44 Defense
1 - 0% - 70%
2 - 0% - 30%
Last Minute Offensive  - 0:00
Last Minute Defensive  - 0:00
Total
Forward - 60:00
Defense - 60:00

% Time on Ice - Penguins

Lines # - Real PCT - Wanted PCT - Time Play
Normal Forward
1 - 36% - 40% - 15:59
2 - 30% - 30% - 13:14
3 - 21% - 20% - 9:24
4 - 13% - 10% - 6:01
Normal Defense
1 - 44% - 44% - 19:43
2 - 36% - 33% - 16:08
3 - 20% - 23% - 8:47
4 - 0% - 0% - 0:00
PP Forward
1 - 58% - 60% - 2:41
2 - 42% - 40% - 1:56
PP Defense
1 - 60% - 60% - 2:45
2 - 40% - 40% - 1:52
PK Forward
1 - 73% - 60% - 7:53
2 - 27% - 40% - 2:52
PK Defense
1 - 62% - 60% - 6:43
2 - 38% - 40% - 4:02
PK3 Forward
1 - 0% - 60%
2 - 0% - 40%
PK3 Defense
1 - 0% - 60%
2 - 0% - 40%
44 Forward
1 - 0% - 60%
2 - 0% - 40%
44 Defense
1 - 0% - 60%
2 - 0% - 40%
Last Minute Offensive  - 0:00
Last Minute Defensive  - 0:00
Total
Forward - 60:00
Defense - 60:00

Play-by-Play

1st period


0:01 of 1st period - Colton Gillies wins face-off versus Steven Stamkos in neutral zone.
0:08 of 1st period - Wrist shot by Nick Palmieri.
0:08 of 1st period - Shot Blocked by Danny DeKeiser.
0:51 of 1st period - Wrist shot by Clarke MacArthur.
0:51 of 1st period - Shot Blocked by Joni Pitkanen.
0:53 of 1st period - Slapshot by Eric Gryba.
0:53 of 1st period - Stopped by Martin Jones without a rebound.
0:54 of 1st period - Colton Gillies wins face-off versus Logan Couture in Canucks zone.
1:05 of 1st period - Slapshot by Jason Zucker.
1:05 of 1st period - Stopped by Michal Neuvirth with a rebound.
2:59 of 1st period - Snap shot by Logan Couture.
2:59 of 1st period - Stopped by Martin Jones without a rebound.
3:00 of 1st period - Steven Stamkos wins face-off versus Marc Savard in Canucks zone.
3:31 of 1st period - Off-side.
3:32 of 1st period - Ryan O'Reilly wins face-off versus Brandon Sutter in neutral zone.
3:34 of 1st period - Off-side.
3:35 of 1st period - Ryan O'Reilly wins face-off versus Marc Savard in neutral zone.
3:39 of 1st period - Minor Penalty to Brandon Saad for Hooking.
3:40 of 1st period - Steven Stamkos wins face-off versus Robert Nilsson in Canucks zone.
4:07 of 1st period - Snap shot by Ryan O'Reilly.
4:07 of 1st period - Stopped by Martin Jones with a rebound.
4:15 of 1st period - Snap shot by Dustin Brown.
4:15 of 1st period - Goal by Dustin Brown - Canucks : 0 - Penguins : 1.
4:16 of 1st period - Marc Savard wins face-off versus Steven Stamkos in neutral zone.
4:43 of 1st period - Jeremy Morin is hit by Michael Raffl and loses puck.
6:04 of 1st period - Eric Gryba is hit by Jason Zucker.
6:25 of 1st period - Jesper Fast is hit by Steven Stamkos.
6:28 of 1st period - Off-side.
6:29 of 1st period - Colton Gillies wins face-off versus Steven Stamkos in neutral zone.
6:44 of 1st period - Snap shot by Claude Giroux.
6:44 of 1st period - Deflect By Steven Stamkos.
6:44 of 1st period - Shot Blocked by Jamie McBain.
6:44 of 1st period - Puck is out of play.
6:45 of 1st period - Marc Savard wins face-off versus Ryan O'Reilly in Canucks zone.
6:52 of 1st period - Danny DeKeiser is hit by Jonathan Blum and loses puck.
6:59 of 1st period - Snap shot by Ryan O'Reilly.
6:59 of 1st period - Shot Misses the Net.
7:01 of 1st period - Slapshot by Sean Zimmerman.
7:01 of 1st period - Stopped by Martin Jones without a rebound.
7:02 of 1st period - Colton Gillies wins face-off versus Steven Stamkos in Canucks zone.
7:53 of 1st period - Minor Penalty to Michael Raffl for Tripping.
7:54 of 1st period - Robert Nilsson wins face-off versus Steven Stamkos in Penguins zone.
7:56 of 1st period - Slapshot by Robert Nilsson.
7:56 of 1st period - Shot Misses the Net.
7:58 of 1st period - Slapshot by Alex Goligoski.
7:58 of 1st period - Shot Blocked by Sean Zimmerman.
8:00 of 1st period - Snap shot by Alex Goligoski.
8:00 of 1st period - Shot Misses the Net.
8:02 of 1st period - Snap shot by Nick Palmieri.
8:02 of 1st period - Shot Misses the Net.
8:04 of 1st period - Snap shot by Jason Zucker.
8:04 of 1st period - Stopped by Michal Neuvirth with a rebound.
8:06 of 1st period - Slapshot by Jamie McBain.
8:06 of 1st period - Shot Misses the Net.
8:08 of 1st period - Wrist shot by Nick Palmieri.
8:08 of 1st period - Shot Blocked by Claude Giroux.
8:10 of 1st period - Slapshot by Alex Goligoski.
8:10 of 1st period - Stopped by Michal Neuvirth with a rebound.
8:26 of 1st period - Danny DeKeiser is hit by Alex Goligoski.
8:56 of 1st period - Robert Nilsson is hit by Eric Gryba and loses puck.
9:53 of 1st period - Penalty to Michael Raffl is over, Michael Raffl is back on ice.
10:19 of 1st period - Jordie Benn is hit by Dustin Brown and loses puck.
10:24 of 1st period - Slapshot by Dustin Brown.
10:24 of 1st period - Shot Misses the Net.
10:26 of 1st period - Snap shot by Marcus Foligno.
10:26 of 1st period - Shot Misses the Net.
10:28 of 1st period - Slapshot by Dustin Brown.
10:28 of 1st period - Shot Misses the Net.
10:30 of 1st period - Backhand shot by Ryan O'Reilly.
10:30 of 1st period - Stopped by Martin Jones with a rebound.
10:50 of 1st period - Alex Goligoski is hit by Claude Giroux and loses puck.
11:43 of 1st period - Loui Eriksson is hit by Alexei Marchenko and loses puck.
12:15 of 1st period - Brad Boyes is hit by Cal Clutterbuck and loses puck.
14:46 of 1st period - Icing by Ryan O'Reilly.
14:47 of 1st period - Brandon Sutter wins face-off versus Joe Colborne in Penguins zone.
15:00 of 1st period - Slapshot by Dennis Wideman.
15:00 of 1st period - Stopped by Martin Jones without a rebound.
15:01 of 1st period - Steven Stamkos wins face-off versus Marc Savard in Canucks zone.
15:02 of 1st period - Wrist shot by Claude Giroux.
15:02 of 1st period - Shot Blocked by Marc Savard.
15:32 of 1st period - Drew Fata is hit by Marcus Foligno and loses puck.
16:14 of 1st period - Icing by Drew Fata.
16:15 of 1st period - Brandon Sutter wins face-off versus Steven Stamkos in Canucks zone.
16:19 of 1st period - Off-side.
16:20 of 1st period - Steven Stamkos wins face-off versus Colton Gillies in neutral zone.
17:13 of 1st period - Minor Penalty to Cal Clutterbuck for Slashing.
17:14 of 1st period - Robert Nilsson wins face-off versus Steven Stamkos in Penguins zone.
17:15 of 1st period - Slapshot by Jamie McBain.
17:15 of 1st period - Stopped by Michal Neuvirth with a rebound.
17:17 of 1st period - Slapshot by Alex Goligoski.
17:17 of 1st period - Stopped by Michal Neuvirth without a rebound.
17:18 of 1st period - Robert Nilsson wins face-off versus Steven Stamkos in Penguins zone.
17:52 of 1st period - Eric Gryba is hit by Jamie McBain and loses puck.
17:59 of 1st period - Slapshot by Alex Goligoski.
17:59 of 1st period - Shot Misses the Net.
18:01 of 1st period - Snap shot by Jeremy Morin.
18:01 of 1st period - Stopped by Michal Neuvirth with a rebound.
18:31 of 1st period - Robert Nilsson is hit by Dennis Wideman.
18:44 of 1st period - Icing by Brandon Saad.
18:45 of 1st period - Logan Couture wins face-off versus Jeremy Morin in Canucks zone.
19:13 of 1st period - Penalty to Cal Clutterbuck is over, Cal Clutterbuck is back on ice.
19:24 of 1st period - Snap shot by Colton Gillies.
19:24 of 1st period - Shot Misses the Net.
19:26 of 1st period - Wrist shot by Brad Boyes.
19:26 of 1st period - Shot Misses the Net.
19:28 of 1st period - Slapshot by Joni Pitkanen.
19:28 of 1st period - Deflect By Danny DeKeiser.
19:28 of 1st period - Stopped by Michal Neuvirth with a rebound.
19:30 of 1st period - Wrist shot by Colton Gillies.
19:30 of 1st period - Goal by Colton Gillies - Canucks : 1 - Penguins : 1.
19:31 of 1st period - Ryan O'Reilly wins face-off versus Colton Gillies in neutral zone.
19:42 of 1st period - Nick Palmieri is hit by Dustin Brown and loses puck.
Goals for this period are 1 for Canucks vs 1 for Penguins.
Shots for this period are 8 for Canucks vs 7 for Penguins.

2nd period


0:01 of 2nd period - Colton Gillies wins face-off versus Steven Stamkos in neutral zone.
0:08 of 2nd period - Wrist shot by Nick Palmieri.
0:08 of 2nd period - Deflect By Claude Giroux.
0:08 of 2nd period - Stopped by Michal Neuvirth with a rebound.
0:26 of 2nd period - Jordie Benn is hit by Cal Clutterbuck and loses puck.
0:58 of 2nd period - Wrist shot by Dustin Brown.
0:58 of 2nd period - Deflect By Ryan O'Reilly.
0:58 of 2nd period - Stopped by Martin Jones without a rebound.
0:59 of 2nd period - Steven Stamkos wins face-off versus Marc Savard in Canucks zone.
1:00 of 2nd period - Snap shot by Claude Giroux.
1:00 of 2nd period - Stopped by Martin Jones without a rebound.
1:01 of 2nd period - Steven Stamkos wins face-off versus Marc Savard in Canucks zone.
1:04 of 2nd period - Slapshot by Steven Stamkos.
1:04 of 2nd period - Shot Misses the Net.
1:12 of 2nd period - Slapshot by Brandon Saad.
1:12 of 2nd period - Shot Misses the Net.
1:14 of 2nd period - Wrist shot by Jeremy Morin.
1:14 of 2nd period - Shot Misses the Net.
1:16 of 2nd period - Slapshot by Joni Pitkanen.
1:16 of 2nd period - Stopped by Michal Neuvirth with a rebound.
2:05 of 2nd period - Slapshot by Brandon Sutter.
2:05 of 2nd period - Stopped by Michal Neuvirth with a rebound.
2:07 of 2nd period - Snap shot by Brandon Sutter.
2:07 of 2nd period - Goal by Brandon Sutter - Canucks : 2 - Penguins : 1.
2:08 of 2nd period - Colton Gillies wins face-off versus Ryan O'Reilly in neutral zone.
2:10 of 2nd period - Off-side.
2:11 of 2nd period - Ryan O'Reilly wins face-off versus Colton Gillies in neutral zone.
2:16 of 2nd period - Drew Fata is hit by Marcus Foligno.
3:04 of 2nd period - Snap shot by Jesper Fast.
3:04 of 2nd period - Goal by Jesper Fast - Canucks : 3 - Penguins : 1.
3:05 of 2nd period - Steven Stamkos wins face-off versus Colton Gillies in neutral zone.
3:08 of 2nd period - Slapshot by Sean Zimmerman.
3:08 of 2nd period - Shot Misses the Net.
3:32 of 2nd period - Joni Pitkanen is hit by Marcus Foligno and loses puck.
4:03 of 2nd period - Snap shot by Brandon Sutter.
4:03 of 2nd period - Shot Misses the Net.
4:25 of 2nd period - Snap shot by Joe Colborne.
4:25 of 2nd period - Shot Misses the Net.
4:27 of 2nd period - Wrist shot by Michael Raffl.
4:27 of 2nd period - Shot Misses the Net.
4:37 of 2nd period - Claude Giroux is hit by Marc Savard and loses puck.
5:23 of 2nd period - Joe Colborne is hit by Jeremy Morin.
5:49 of 2nd period - Alexei Marchenko is hit by Brandon Saad and loses puck.
6:07 of 2nd period - Snap shot by Dustin Brown.
6:07 of 2nd period - Shot Misses the Net.
6:13 of 2nd period - Wrist shot by Ryan O'Reilly.
6:13 of 2nd period - Stopped by Martin Jones without a rebound.
6:14 of 2nd period - Marc Savard wins face-off versus Marcus Foligno in Canucks zone.
6:14 of 2nd period - Marc Savard is hit by Ryan O'Reilly.
6:15 of 2nd period - Marc Savard from Canucks is injured at 6:15 of 2nd period (Right Foot).
6:16 of 2nd period - Steven Stamkos wins face-off versus Colton Gillies in Canucks zone.
6:23 of 2nd period - Snap shot by Andrew Cogliano.
6:23 of 2nd period - Shot Blocked by Jason Zucker.
6:25 of 2nd period - Slapshot by Andrew Cogliano.
6:25 of 2nd period - Stopped by Martin Jones without a rebound.
6:26 of 2nd period - Colton Gillies wins face-off versus Andrew Cogliano in Canucks zone.
6:26 of 2nd period - Colton Gillies is hit by Claude Giroux.
6:34 of 2nd period - Slapshot by Jordie Benn.
6:34 of 2nd period - Stopped by Michal Neuvirth with a rebound.
6:49 of 2nd period - Minor Penalty to Jason Zucker for Roughing.
6:50 of 2nd period - Robert Nilsson wins face-off versus Steven Stamkos in Canucks zone.
7:35 of 2nd period - Wrist shot by Ryan O'Reilly.
7:35 of 2nd period - Shot Misses the Net.
7:37 of 2nd period - Snap shot by Sean Zimmerman.
7:37 of 2nd period - Shot Misses the Net.
7:39 of 2nd period - Slapshot by Sean Zimmerman.
7:39 of 2nd period - Stopped by Martin Jones without a rebound.
7:40 of 2nd period - Ryan O'Reilly wins face-off versus Loui Eriksson in Canucks zone.
7:41 of 2nd period - Wrist shot by Marcus Foligno.
7:41 of 2nd period - Shot Misses the Net.
8:03 of 2nd period - Steven Stamkos is hit by Drew Fata and loses puck.
8:49 of 2nd period - Penalty to Jason Zucker is over, Jason Zucker is back on ice.
8:53 of 2nd period - Off-side.
8:54 of 2nd period - Colton Gillies wins face-off versus Logan Couture in neutral zone.
9:09 of 2nd period - Wrist shot by Nick Palmieri.
9:09 of 2nd period - Stopped by Michal Neuvirth without a rebound.
9:10 of 2nd period - Brandon Sutter wins face-off versus Steven Stamkos in Penguins zone.
9:34 of 2nd period - Icing by Dennis Wideman.
9:35 of 2nd period - Ryan O'Reilly wins face-off versus Colton Gillies in Penguins zone.
9:48 of 2nd period - Snap shot by Nick Palmieri.
9:48 of 2nd period - Stopped by Michal Neuvirth with a rebound.
9:50 of 2nd period - Wrist shot by Jason Zucker.
9:50 of 2nd period - Shot Misses the Net.
10:27 of 2nd period - Brad Boyes is hit by Cal Clutterbuck and loses puck.
12:21 of 2nd period - Off-side.
12:22 of 2nd period - Brandon Saad wins face-off versus Ryan O'Reilly in neutral zone.
12:25 of 2nd period - Snap shot by Jordie Benn.
12:25 of 2nd period - Stopped by Michal Neuvirth without a rebound.
12:26 of 2nd period - Jeremy Morin wins face-off versus Ryan O'Reilly in Penguins zone.
12:31 of 2nd period - Snap shot by Jesper Fast.
12:31 of 2nd period - Deflect By Brandon Saad.
12:31 of 2nd period - Shot Blocked by Marcus Foligno.
12:31 of 2nd period - Puck is out of play.
12:32 of 2nd period - Colton Gillies wins face-off versus Steven Stamkos in Penguins zone.
13:21 of 2nd period - Icing by Darren Helm.
13:22 of 2nd period - Colton Gillies wins face-off versus Logan Couture in Canucks zone.
13:29 of 2nd period - Backhand shot by Colton Gillies.
13:29 of 2nd period - Stopped by Michal Neuvirth without a rebound.
13:30 of 2nd period - Claude Giroux wins face-off versus Colton Gillies in Penguins zone.
13:34 of 2nd period - Minor Penalty to Joni Pitkanen for Interference.
13:35 of 2nd period - Steven Stamkos wins face-off versus Robert Nilsson in Canucks zone.
13:37 of 2nd period - Wrist shot by Steven Stamkos.
13:37 of 2nd period - Goal by Steven Stamkos - Canucks : 3 - Penguins : 2.
13:38 of 2nd period - Colton Gillies wins face-off versus Steven Stamkos in neutral zone.
13:41 of 2nd period - Slapshot by Joni Pitkanen.
13:41 of 2nd period - Deflect By Nick Palmieri.
13:41 of 2nd period - Stopped by Michal Neuvirth with a rebound.
13:51 of 2nd period - Slapshot by Joni Pitkanen.
13:51 of 2nd period - Shot Misses the Net.
13:53 of 2nd period - Slapshot by Colton Gillies.
13:53 of 2nd period - Stopped by Michal Neuvirth without a rebound.
13:54 of 2nd period - Brandon Sutter wins face-off versus Ryan O'Reilly in Penguins zone.
14:20 of 2nd period - Sean Zimmerman is hit by Colton Gillies and loses puck.
14:28 of 2nd period - Minor Penalty to Dustin Brown for Holding.
14:29 of 2nd period - Robert Nilsson wins face-off versus Steven Stamkos in Penguins zone.
14:43 of 2nd period - Slapshot by Alex Goligoski.
14:43 of 2nd period - Stopped by Michal Neuvirth without a rebound.
14:44 of 2nd period - Robert Nilsson wins face-off versus Steven Stamkos in Penguins zone.
15:11 of 2nd period - Claude Giroux is hit by Alex Goligoski and loses puck.
15:18 of 2nd period - Wrist shot by Brandon Sutter.
15:18 of 2nd period - Goal by Brandon Sutter - Canucks : 4 - Penguins : 2.
15:19 of 2nd period - Ryan O'Reilly wins face-off versus Colton Gillies in neutral zone.
15:50 of 2nd period - Jeremy Morin is hit by Claude Giroux and loses puck.
16:42 of 2nd period - Slapshot by Dustin Brown.
16:42 of 2nd period - Stopped by Martin Jones with a rebound.
16:50 of 2nd period - Slapshot by Jamie McBain.
16:50 of 2nd period - Shot Blocked by Danny DeKeiser.
17:02 of 2nd period - Slapshot by Steven Stamkos.
17:02 of 2nd period - Stopped by Martin Jones with a rebound.
17:10 of 2nd period - Snap shot by Steven Stamkos.
17:10 of 2nd period - Stopped by Martin Jones without a rebound.
17:11 of 2nd period - Jason Zucker wins face-off versus Steven Stamkos in Canucks zone.
17:13 of 2nd period - Minor Penalty to Jordie Benn for Interference.
17:14 of 2nd period - Robert Nilsson wins face-off versus Steven Stamkos in Canucks zone.
18:02 of 2nd period - Backhand shot by Jesper Fast.
18:02 of 2nd period - Stopped by Michal Neuvirth with a rebound.
18:48 of 2nd period - Jamie McBain is hit by Sean Zimmerman.
19:13 of 2nd period - Penalty to Jordie Benn is over, Jordie Benn is back on ice.
19:27 of 2nd period - Slapshot by Brandon Sutter.
19:27 of 2nd period - Stopped by Michal Neuvirth without a rebound.
19:28 of 2nd period - Colton Gillies wins face-off versus Joe Colborne in Penguins zone.
19:33 of 2nd period - Snap shot by Joni Pitkanen.
19:33 of 2nd period - Shot Blocked by Joe Colborne.
19:35 of 2nd period - Minor Penalty to Michael Raffl for High sticking.
19:36 of 2nd period - Robert Nilsson wins face-off versus Steven Stamkos in Penguins zone.
Goals for this period are 3 for Canucks vs 1 for Penguins.
Shots for this period are 16 for Canucks vs 9 for Penguins.

3rd period


0:01 of 3rd period - Steven Stamkos wins face-off versus Robert Nilsson in neutral zone.
0:40 of 3rd period - Icing by Jamie McBain.
0:41 of 3rd period - Brandon Sutter wins face-off versus Logan Couture in Canucks zone.
1:35 of 3rd period - Penalty to Michael Raffl is over, Michael Raffl is back on ice.
1:46 of 3rd period - Snap shot by Cal Clutterbuck.
1:46 of 3rd period - Deflect By Dustin Brown.
1:46 of 3rd period - Stopped by Martin Jones without a rebound.
1:47 of 3rd period - Ryan O'Reilly wins face-off versus Colton Gillies in Canucks zone.
1:48 of 3rd period - Snap shot by Dustin Brown.
1:48 of 3rd period - Deflect By Ryan O'Reilly.
1:48 of 3rd period - Shot Misses the Net.
1:48 of 3rd period - Puck is out of play.
1:49 of 3rd period - Ryan O'Reilly wins face-off versus Colton Gillies in Canucks zone.
1:56 of 3rd period - Snap shot by Dustin Brown.
1:56 of 3rd period - Stopped by Martin Jones with a rebound.
1:58 of 3rd period - Slapshot by Marcus Foligno.
1:58 of 3rd period - Deflect By Dustin Brown.
1:58 of 3rd period - Stopped by Martin Jones with a rebound.
2:02 of 3rd period - Wrist shot by Ryan O'Reilly.
2:02 of 3rd period - Shot Hit the Post.
2:04 of 3rd period - Snap shot by Dustin Brown.
2:04 of 3rd period - Stopped by Martin Jones with a rebound.
2:06 of 3rd period - Snap shot by Danny DeKeiser.
2:06 of 3rd period - Stopped by Martin Jones with a rebound.
2:15 of 3rd period - Off-side.
2:16 of 3rd period - Steven Stamkos wins face-off versus Brandon Sutter in neutral zone.
2:35 of 3rd period - Brandon Sutter is hit by Andrew Cogliano and loses puck.
3:02 of 3rd period - Brandon Sutter is hit by Alexei Marchenko and loses puck.
3:42 of 3rd period - Wrist shot by Steven Stamkos.
3:42 of 3rd period - Deflect By Joni Pitkanen.
3:42 of 3rd period - Stopped by Martin Jones with a rebound.
3:46 of 3rd period - Slapshot by Claude Giroux.
3:46 of 3rd period - Stopped by Martin Jones without a rebound.
3:47 of 3rd period - Ryan O'Reilly wins face-off versus Colton Gillies in Canucks zone.
3:52 of 3rd period - Snap shot by Marcus Foligno.
3:52 of 3rd period - Stopped by Martin Jones with a rebound.
3:54 of 3rd period - Slapshot by Dennis Wideman.
3:54 of 3rd period - Shot Blocked by Drew Fata.
3:56 of 3rd period - Slapshot by Roman Josi.
3:56 of 3rd period - Deflect By Drew Fata.
3:56 of 3rd period - Stopped by Martin Jones with a rebound.
3:58 of 3rd period - Slapshot by Dennis Wideman.
3:58 of 3rd period - Deflect By Marcus Foligno.
3:58 of 3rd period - Stopped by Martin Jones without a rebound.
3:59 of 3rd period - Ryan O'Reilly wins face-off versus Colton Gillies in Canucks zone.
4:24 of 3rd period - Jordie Benn is hit by Sean Zimmerman and loses puck.
4:31 of 3rd period - Wrist shot by Cal Clutterbuck.
4:31 of 3rd period - Stopped by Martin Jones with a rebound.
4:50 of 3rd period - Off-side.
4:51 of 3rd period - Robert Nilsson wins face-off versus Ales Hemsky in neutral zone.
5:19 of 3rd period - Sean Zimmerman is hit by Alex Goligoski and loses puck.
5:48 of 3rd period - Snap shot by Jamie McBain.
5:48 of 3rd period - Stopped by Michal Neuvirth without a rebound.
5:49 of 3rd period - Steven Stamkos wins face-off versus Colton Gillies in Penguins zone.
6:16 of 3rd period - Brandon Saad is hit by Dennis Wideman and loses puck.
6:26 of 3rd period - Snap shot by Clarke MacArthur.
6:26 of 3rd period - Shot Misses the Net.
6:28 of 3rd period - Snap shot by Eric Gryba.
6:28 of 3rd period - Stopped by Martin Jones with a rebound.
6:55 of 3rd period - Snap shot by Colton Gillies.
6:55 of 3rd period - Stopped by Michal Neuvirth with a rebound.
6:57 of 3rd period - Slapshot by Drew Fata.
6:57 of 3rd period - Deflect By Colton Gillies.
6:57 of 3rd period - Stopped by Michal Neuvirth with a rebound.
8:13 of 3rd period - Snap shot by Joe Colborne.
8:13 of 3rd period - Deflect By Michael Raffl.
8:13 of 3rd period - Stopped by Martin Jones without a rebound.
8:14 of 3rd period - Jesper Fast wins face-off versus Steven Stamkos in Canucks zone.
8:30 of 3rd period - Icing by Danny DeKeiser.
8:31 of 3rd period - Nick Palmieri wins face-off versus Ryan O'Reilly in Penguins zone.
8:40 of 3rd period - Wrist shot by Jason Zucker.
8:40 of 3rd period - Stopped by Michal Neuvirth with a rebound.
9:01 of 3rd period - Wrist shot by Joni Pitkanen.
9:01 of 3rd period - Shot Blocked by Roman Josi.
9:11 of 3rd period - Jeremy Morin is hit by Claude Giroux and loses puck.
9:29 of 3rd period - Minor Penalty to Dennis Wideman for Holding.
9:30 of 3rd period - Steven Stamkos wins face-off versus Robert Nilsson in Penguins zone.
10:04 of 3rd period - Slapshot by Alex Goligoski.
10:04 of 3rd period - Shot Misses the Net.
10:06 of 3rd period - Slapshot by Jamie McBain.
10:06 of 3rd period - Stopped by Michal Neuvirth without a rebound.
10:07 of 3rd period - Robert Nilsson wins face-off versus Logan Couture in Penguins zone.
10:10 of 3rd period - Slapshot by Nick Palmieri.
10:10 of 3rd period - Stopped by Michal Neuvirth without a rebound.
10:11 of 3rd period - Robert Nilsson wins face-off versus Steven Stamkos in Penguins zone.
10:14 of 3rd period - Wrist shot by Nick Palmieri.
10:14 of 3rd period - Shot Blocked by Claude Giroux.
10:44 of 3rd period - Cal Clutterbuck is hit by Alex Goligoski and loses puck.
11:29 of 3rd period - Penalty to Dennis Wideman is over, Dennis Wideman is back on ice.
11:56 of 3rd period - Off-side.
11:57 of 3rd period - Brandon Sutter wins face-off versus Joe Colborne in neutral zone.
12:12 of 3rd period - Snap shot by Jeremy Morin.
12:12 of 3rd period - Goal by Jeremy Morin - Canucks : 5 - Penguins : 2.
12:13 of 3rd period - Steven Stamkos wins face-off versus Colton Gillies in neutral zone.
12:50 of 3rd period - Snap shot by Brandon Sutter.
12:50 of 3rd period - Deflect By Danny DeKeiser.
12:50 of 3rd period - Shot Misses the Net.
12:50 of 3rd period - Puck is out of play.
12:51 of 3rd period - Colton Gillies wins face-off versus Steven Stamkos in Penguins zone.
12:52 of 3rd period - Snap shot by Nick Palmieri.
12:52 of 3rd period - Stopped by Michal Neuvirth without a rebound.
12:53 of 3rd period - Steven Stamkos wins face-off versus Nick Palmieri in Penguins zone.
13:04 of 3rd period - Snap shot by Nick Palmieri.
13:04 of 3rd period - Shot Misses the Net.
13:06 of 3rd period - Snap shot by Jason Zucker.
13:06 of 3rd period - Shot Hit the Post.
13:27 of 3rd period - Slapshot by Jeremy Morin.
13:27 of 3rd period - Stopped by Michal Neuvirth with a rebound.
13:29 of 3rd period - Wrist shot by Brandon Saad.
13:29 of 3rd period - Shot Misses the Net.
13:39 of 3rd period - Snap shot by Colton Gillies.
13:39 of 3rd period - Stopped by Michal Neuvirth without a rebound.
13:40 of 3rd period - Logan Couture wins face-off versus Colton Gillies in Penguins zone.
14:37 of 3rd period - Snap shot by Steven Stamkos.
14:37 of 3rd period - Stopped by Martin Jones without a rebound.
14:38 of 3rd period - Jeremy Morin wins face-off versus Ryan O'Reilly in Canucks zone.
14:42 of 3rd period - Off-side.
14:43 of 3rd period - Ryan O'Reilly wins face-off versus Brandon Sutter in neutral zone.
14:46 of 3rd period - Slapshot by Dennis Wideman.
14:46 of 3rd period - Stopped by Martin Jones with a rebound.
15:31 of 3rd period - Cal Clutterbuck is hit by Jesper Fast and loses puck.
15:44 of 3rd period - Minor Penalty to Cal Clutterbuck for Hooking.
15:45 of 3rd period - Robert Nilsson wins face-off versus Steven Stamkos in Penguins zone.
16:00 of 3rd period - Snap shot by Robert Nilsson.
16:00 of 3rd period - Stopped by Michal Neuvirth without a rebound.
16:01 of 3rd period - Steven Stamkos wins face-off versus Jason Zucker in Penguins zone.
16:09 of 3rd period - Icing by Nick Palmieri.
16:10 of 3rd period - Robert Nilsson wins face-off versus Steven Stamkos in Canucks zone.
16:10 of 3rd period - Robert Nilsson is hit by Steven Stamkos.
16:25 of 3rd period - Snap shot by Nick Palmieri.
16:25 of 3rd period - Deflect By Robert Nilsson.
16:25 of 3rd period - Stopped by Michal Neuvirth without a rebound.
16:26 of 3rd period - Steven Stamkos wins face-off versus Robert Nilsson in Penguins zone.
17:09 of 3rd period - Slapshot by Jamie McBain.
17:09 of 3rd period - Deflect By Robert Nilsson.
17:09 of 3rd period - Stopped by Michal Neuvirth with a rebound.
17:27 of 3rd period - Slapshot by Alex Goligoski.
17:27 of 3rd period - Stopped by Michal Neuvirth with a rebound.
17:44 of 3rd period - Penalty to Cal Clutterbuck is over, Cal Clutterbuck is back on ice.
18:05 of 3rd period - Cal Clutterbuck is hit by Nick Palmieri and loses puck.
18:24 of 3rd period - Slapshot by Alex Goligoski.
18:24 of 3rd period - Shot Blocked by Dennis Wideman.
18:26 of 3rd period - Slapshot by Alex Goligoski.
18:26 of 3rd period - Deflect By Claude Giroux.
18:26 of 3rd period - Stopped by Michal Neuvirth with a rebound.
18:30 of 3rd period - Slapshot by Jamie McBain.
18:30 of 3rd period - Deflect By Nick Palmieri.
18:30 of 3rd period - Stopped by Michal Neuvirth without a rebound.
18:31 of 3rd period - Brandon Sutter wins face-off versus Marcus Foligno in Penguins zone.
18:46 of 3rd period - Jordie Benn is hit by Marcus Foligno and loses puck.
18:57 of 3rd period - Sean Zimmerman is hit by Joni Pitkanen and loses puck.
19:02 of 3rd period - Snap shot by Brad Boyes.
19:02 of 3rd period - Stopped by Michal Neuvirth with a rebound.
19:16 of 3rd period - Snap shot by Cal Clutterbuck.
19:16 of 3rd period - Stopped by Martin Jones with a rebound.
19:18 of 3rd period - Slapshot by Alexei Marchenko.
19:18 of 3rd period - Stopped by Martin Jones without a rebound.
19:19 of 3rd period - Brandon Sutter wins face-off versus Logan Couture in Canucks zone.
19:56 of 3rd period - Wrist shot by Ales Hemsky.
19:56 of 3rd period - Stopped by Martin Jones without a rebound.
19:57 of 3rd period - Darren Helm wins face-off versus Joe Colborne in Canucks zone.
Goals for this period are 1 for Canucks vs 0 for Penguins.
Shots for this period are 17 for Canucks vs 18 for Penguins.